 Dungeon Crawl Stone Soup version 0.18.1-5-g4a78601 (webtiles) character file.

196 dorian the Insei (level 5, 0/40 HPs)
             Began as a Draconian Transmuter on May 9, 2016.
             Succumbed to an orc wizard's poison
             ... on level 3 of the Dungeon.
             The game lasted 00:04:46 (3325 turns).

dorian the Insei (Draconian Transmuter)             Turns: 3325, Time: 00:04:47

Health: 0/40       AC:  5    Str: 12    XL:     5   Next: 45%
Magic:  8/8        EV: 17    Int: 13    God:
Gold:   130        SH:  0    Dex: 18    Spells: 2 memorised, 5 levels left

rFire  . . .     SeeInvis .       - Unarmed
rCold  . . .     Gourm    .     (armour unavailable)
rNeg   . . .     Faith    .     (no shield)
rPois  .         Spirit   .     (helmet restricted)
rElec  .         Dismiss  .     (no cloak)
rCorr  .         Reflect  .     (no gloves)
SustAt .         Harm     .     (no boots)
MR     .....                    (no amulet)
Stlth  +++.......               (no ring)
                                (no ring)

@: agile, lethally poisoned (0 -> -5), not resistant to hostile enchantments,
fairly stealthy
A: unfitting armour, cold-blooded, AC +5
a: no special abilities


You were on level 3 of the Dungeon.
You were not hungry.

You visited 1 branch of the dungeon, and saw 3 of its levels.

You collected 130 gold pieces.

Inventory:

Missiles
 a - 25 arrows
Jewellery
 f - an uncursed ring of wizardry {unknown}
Wands
 o - a wand of lightning (6/15)
Scrolls
 d - a scroll of fear {unknown}
 e - 2 scrolls of identify {unknown}
 g - 2 scrolls of teleportation {unknown}
 h - 3 scrolls of recharging {unknown}
 i - a scroll of noise {unknown}
 l - a scroll of fog {unknown}
 p - a scroll of remove curse {unknown}
Potions
 k - a potion of agility
Books
 b - a book of Changes

   Spells                             Type                      Level
   a - Beastly Appendage              Transmutation                1
   b - Sticks to Snakes               Transmutation                2
   c - Spider Form                    Transmutation/Poison         3
   d - Ice Form                       Ice/Transmutation            4
   e - Blade Hands                    Transmutation                5
Comestibles
 c - 3 bread rations
 j - a slice of pizza
 m - 2 chunks of flesh


   Skills:
 - Level 1.1 Fighting
 - Level 1.7 Dodging
 * Level 5.9 Unarmed Combat
 - Level 2.0 Spellcasting
 + Level 2.7 Transmutations


You had 5 spell levels left.
You knew the following spells:

 Your Spells              Type           Power        Failure   Level  Hunger
a - Beastly Appendage     Trmt           #.....       10%         1    ##.....
b - Sticks to Snakes      Trmt           #.......     14%         2    ###....


Dungeon Overview and Level Annotations

Branches:
Dungeon (3/15)

Altars:


Innate Abilities, Weirdness & Mutations

Your plain brown scales are hard (AC +5).
Your body does not fit into most forms of armour.
You are cold-blooded and may be slowed by cold attacks.


Message History

Your tail-slap misses the orc priest.
The orc priest is moderately wounded.
You feel sick.
The orc priest hits you but does no damage.
A worm comes into view.
You barely miss the orc priest. Your kick misses the orc priest.
The orc priest is moderately wounded.
You feel sick.
The orc priest invokes the aid of Beogh against you.
Beogh smites you!
* * * LOW HITPOINT WARNING * * *
Unknown command.
You hit the orc priest.
The orc priest is heavily wounded.
Your talons disappear.
The worm moves out of view.
The orc priest hits you but does no damage.
You hit the orc priest.
The orc priest is severely wounded.
You die...

#. . .. ... ..
#.####
.#...###### .#
#.....
>.........####o##
###.##
.....####.).@oo.#
#.# ..# #.####..#
.##.###.## #.#
.............. ..
#.# #...##.###>##
#. #.####.# ##
#.# #.
#####......#
#.###.## #.
#.....######
#......#
#.####.#####
#####...
####..##...####
##.#


You could see an orc priest, an orc wizard and an orc.

Vanquished Creatures
  2 orc wizards (D:3)
  4 gnolls (D:2)
  3 adders
  An ooze (D:3)
  2 worms
  2 dart slugs (D:1)
  A giant gecko (D:2)
  8 orcs (D:3)
  A giant cockroach (D:3)
  8 goblins
  7 hobgoblins
  7 kobolds
  10 bats
  A giant newt (D:1)
  6 rats
63 creatures vanquished.

Vanquished Creatures (collateral kills)
  2 orcs (D:3)
2 creatures vanquished.

Grand Total: 65 creatures vanquished

Notes
Turn   | Place    | Note
--------------------------------------------------------------
     0 | D:1      | dorian the Draconian Transmuter began the quest for the Orb.
     0 | D:1      | Reached XP level 1. HP: 16/16 MP: 3/3
   304 | D:1      | Reached XP level 2. HP: 17/23 MP: 5/5
   649 | D:1      | Reached skill level 4 in Unarmed Combat
   773 | D:1      | Reached XP level 3. HP: 26/28 MP: 6/6
  1730 | D:2      | Reached XP level 4. HP: 19/35 MP: 5/7
  1736 | D:2      | Reached skill level 5 in Unarmed Combat
  2069 | D:2      | Learned a level 2 spell: Sticks to Snakes
  2824 | D:3      | Reached XP level 5. HP: 27/40 MP: 3/8
  3323 | D:3      | HP: 1/40 [orc priest/divine providence (10)]
  3325 | D:3      | Succumbed to an orc wizard's poison

Skill      XL: |  1  2  3  4 |
---------------+-------------+-----
Unarmed Combat | 4 5 |  5.9
Fighting       | |  1.1
Dodging        | |  1.7
Spellcasting   | |  2.0
Transmutations | |  2.7

Action                   |  1- 3 |  4- 6 || total
-------------------------+-------+-------++-------
Melee: Unarmed           |   148 |   134 ||   282
       Tailslap          |    17 |    14 ||    31
       Kick              |     9 |     7 ||    16
       Punch             |     2 |     2 ||     4
       Headbutt          |       |     4 ||     4
 Cast: Beastly Appendage |     4 |     5 ||     9
       Sticks to Snakes  |       |     3 ||     3
  Use: Potion            |       |     2 ||     2
 Stab: Sleeping          |     1 |     1 ||     2
  Eat: Chunk             |     2 |     5 ||     7
       Beef jerky        |     1 |       ||     1
Armor: Skin              |    52 |    24 ||    76
Dodge: Dodged            |   105 |    76 ||   181
